AoeStats
← 6X_Kanna_X6

Arena

510208501Analyzed
4v4 RM · 2d ago on Sep 30, 2026· 64m 4s· 8 players
Game mode
Random Map
Map size
Large (8 player)
Population
200
Speed
Normal
Resources
Standard
Victory
Conquest
Starting age
Dark Age
Ending age
Imperial Age
RankedLock teamsTeams togetherTeam positionsShared explorationLock speedFull tech treeHidden civsTurbo modeCheats
Victory
Defeat
🇹🇷 Malians · Türkiye
830
+10
🇺🇸 Huns · United States
633
+18
🇦🇷 Spanish · Argentina
551
+21
🇺🇸 Poles · United States
550
+21
🇦🇷 Spanish · Argentina
743
-20
🇬🇧 Varangians · United Kingdom
674
-18
🇨🇱 Mongols · Chile
659
-17
🇵🇪 Vietnamese · Peru
617
-15
6X_Kanna_X6
0:40 Loom
14:01 Feudal Age
20:00 Castle Age
18:36 Stone Mining
18:36 Gold Mining
18:41 Double-Bit Axe
20:07 Wheelbarrow
19:49 Town Watch
20:20 Forging
20:12 Padded Archer Armor
20:02 Fletching
20:18 Gold Mining
23:58 Stone Shaft Mining
23:58 Gold Shaft Mining
25:07 Hand Cart
26:03 Masonry
26:04 Fortified Wall
30:13 Caravan
33:22 Horse Collar
33:54 Bow Saw
33:41 Town Watch
34:00 Murder Holes
35:20 Heavy Plow
35:36 Nomads
35:39 Scale Mail Armor
36:14 Iron Casting
35:55 Leather Archer Armor
35:30 Fletching
35:46 Scale Barding Armor
37:20 Town Patrol
39:20 Chain Mail Armor
39:01 Bodkin Arrow
38:32 Pikeman
39:12 Squires
38:58 Arson
44:54 Imperial Age
45:15 Chain Barding Armor
47:54 Blast Furnace
47:24 Plate Mail Armor
46:55 Bracer
47:30 Coinage
48:02 Hoardings
49:19 Chemistry
48:25 Siege Engineers
48:10 Capped Ram
50:39 Elite Mangudai
50:44 Light Cavalry
51:34 Bloodlines
52:46 Hussar
55:41 Cavalier
56:21 Husbandry
jsx_001
3:46 Loom
11:28 Feudal Age
13:55 Town Watch
18:12 Castle Age
16:04 Double-Bit Axe
19:04 Bow Saw
20:20 Horse Collar
26:21 Stone Mining
29:01 Crossbowman
30:00 Gold Mining
30:31 Heavy Plow
38:47 Imperial Age
36:32 Fletching
36:46 Scale Mail Armor
36:46 Padded Archer Armor
36:53 Scale Barding Armor
37:14 Squires
39:05 Wheelbarrow
38:42 Arson
39:56 Ballistics
39:47 Fortified Wall
40:38 Chemistry
39:42 Gambesons
40:33 Bloodlines
40:37 Elite Varangian Guard
41:42 Husbandry
42:34 Chain Mail Armor
42:14 Bodkin Arrow
44:19 Plate Mail Armor
45:03 Elite Jarl
48:41 Chain Barding Armor
51:20 Forging
Althair
10:31 Feudal Age
11:02 Double-Bit Axe
12:00 Wheelbarrow
11:25 Horse Collar
13:28 Town Watch
21:48 Castle Age
20:03 Stone Mining
20:13 Fletching
26:37 Heavy Plow
26:51 Bow Saw
28:14 Hand Cart
28:11 Bodkin Arrow
28:51 Caravan
30:31 Town Patrol
34:39 Ballistics
34:16 Murder Holes
34:51 Masonry
34:47 Padded Archer Armor
34:10 Crossbowman
34:59 Thumb Ring
41:06 Imperial Age
38:16 Pikeman
38:57 Squires
38:43 Arson
41:09 Arbalester
41:12 Elite Skirmisher
43:03 Chemistry
42:17 Bloodlines
42:08 Husbandry
41:30 Light Cavalry
44:05 Paper Money
48:22 Two-Man Saw
47:54 Crop Rotation
48:40 Forging
48:31 Scale Mail Armor
48:37 Scale Barding Armor
48:48 Leather Archer Armor
48:34 Bracer
48:17 Cavalier
49:11 Halberdier
50:29 Chain Mail Armor
50:50 Iron Casting
50:39 Bombard Tower
54:34 Imperial Skirmisher
54:47 Man-at-Arms
56:52 Elite Rattan Archer
braian4400
10:51 Feudal Age
16:20 Castle Age
14:08 Man-at-Arms
17:21 Gambesons
18:21 Arson
20:09 Fletching
20:20 Padded Archer Armor
the CLAMP GOD 1
13:50 Feudal Age
14:58 Double-Bit Axe
17:50 Padded Archer Armor
17:41 Fletching
18:01 Forging
23:15 Castle Age
24:17 Thumb Ring
24:10 Bodkin Arrow
24:31 Leather Archer Armor
26:00 Iron Casting
26:45 Bow Saw
28:37 Wheelbarrow
36:47 Imperial Age
34:52 Scale Barding Armor
37:35 Bracer
38:35 Blast Furnace
37:56 Chain Barding Armor
37:02 Light Cavalry
37:55 Bloodlines
38:32 Winged Hussar
GregStillson
15:49 Feudal Age
17:11 Wheelbarrow
18:07 Gold Mining
18:08 Stone Mining
18:46 Town Watch
19:34 Scale Mail Armor
23:57 Castle Age
23:08 Forging
23:04 Scale Barding Armor
23:01 Padded Archer Armor
25:09 Chain Barding Armor
25:31 Iron Casting
27:40 Squires
27:10 Man-at-Arms
27:44 Horse Collar
31:59 Long Swordsman
33:47 Hand Cart
35:31 Double-Bit Axe
40:55 Heavy Plow
42:27 Chain Mail Armor
PiriFeyiz
1:26 Loom
11:32 Feudal Age
16:26 Castle Age
16:47 Man-at-Arms
25:51 Horse Collar
25:49 Long Swordsman
26:34 Squires
26:46 Double-Bit Axe
30:25 Heavy Plow
33:11 Imperial Age
31:30 Bow Saw
32:03 Wheelbarrow
31:44 Forging
35:17 Gold Mining
36:19 Two-Handed Swordsman
41:16 Iron Casting
42:08 Hand Cart
42:05 Capped Ram
43:11 Scale Mail Armor
43:03 Fletching
43:38 Ballistics
43:30 Fortified Wall
44:21 Chemistry
45:22 Champion
46:35 Pikeman
49:02 Gold Shaft Mining
48:40 Elite Gbeto
49:45 Conscription
49:34 Pikeman
56:31 Stone Mining
57:01 Chain Mail Armor
56:42 Bodkin Arrow
56:48 Padded Archer Armor
K-po
11:47 Feudal Age
13:05 Horse Collar
20:33 Castle Age
18:59 Double-Bit Axe
20:52 Wheelbarrow
20:18 Stone Mining
21:01 Gold Mining
24:42 Stone Shaft Mining
26:38 Caravan
27:09 Coinage
27:19 Heavy Plow
34:39 Imperial Age
32:37 Hand Cart
31:49 Man-at-Arms
32:30 Squires
32:15 Arson
32:30 Squires
32:15 Gambesons
32:41 Inquisition
33:13 Long Swordsman
33:13 Pikeman
35:18 Forging
35:08 Scale Mail Armor
35:13 Scale Barding Armor
34:59 Fletching
35:09 Padded Archer Armor
36:14 Bow Saw
37:19 Iron Casting
36:59 Chain Mail Armor
37:17 Coinage
37:53 Chain Barding Armor
38:08 Supremacy
38:09 Conscription
38:39 Hoardings
37:34 Sappers
38:03 Sappers
39:18 Leather Archer Armor
38:58 Bodkin Arrow
39:36 Banking
39:16 Guilds
40:26 Two-Man Saw
40:00 Elite Conquistador
40:24 Light Cavalry
40:24 Cavalier
41:04 Husbandry
41:15 Bloodlines
42:30 Blast Furnace
42:01 Plate Mail Armor
41:56 Guilds
41:17 Pikeman
41:38 Two-Handed Swordsman
43:31 Bracer
44:01 Ring Archer Armor
44:11 Ring Archer Armor
43:59 Halberdier
45:30 Elite Skirmisher
46:16 Thumb Ring
49:32 Plate Barding Armor
52:13 Paladin
61:15 Heavy Mounted Crossbowman
61:26 Champion
Connection lost

Rejoining the realm…

Still unreachable

The connection could not be restored.

Session expired

The server has moved on; the page needs a fresh start.